 Dungeon Crawl Stone Soup version 0.30-a0-937-ga0a21ad780 (webtiles) character file.

Game seed: 8228884389908867531

4 FexLirch the Grasshopper (level 1, 0/10 HPs)
             Began as a Spriggan Warper on Mar 24, 2023.
             Succumbed to a goblin's poison
             ... on level 1 of the Dungeon.
             The game lasted 00:00:55 (111 turns).

FexLirch the Grasshopper (Spriggan Warper)           Turns: 111, Time: 00:00:56

Health: 0/10       AC:  2    Str:  7    XL:     1   Next: 58%
Magic:  5/5        EV: 17    Int: 14    God:
Gold:   0          SH:  0    Dex: 14    Spells: 5/5 levels left

rFire   . . .      SeeInvis +    a - +0 short sword
rCold   . . .      Faith    .    (no shield)
rNeg    . . .      Spirit   .    b - +0 robe
rPois   .          Reflect  .    (helmet restricted)
rElec   .          Rampage  .    (no cloak)
rCorr   .                        (gloves unavailable)
Will    .....                    (boots unavailable)
Stlth   ++                       (no amulet)
HPRegen 0.21/turn                (no ring)
MPRegen 0.09/turn                (no ring)

@: lethally poisoned (0 -> -8), very quick
A: very small, no large weapons, unfitting armour, see invisible, speed 3
a: no special abilities


You were on level 1 of the Dungeon.
You visited 1 branch of the dungeon, and saw 1 of its levels.

Inventory:

Hand Weapons
 a - a +0 short sword (weapon)
Missiles
 d - 7 boomerangs of dispersal
 e - 2 stones (quivered)
Armour
 b - a +0 robe (worn)
Scrolls
 c - a scroll of blinking


   Skills:
 - Level 1.5 Fighting
 * Level 2.4 Short Blades
 - Level 1.0 Throwing
 - Level 3.2 Dodging
 * Level 1.1 Stealth
 - Level 2.6 Spellcasting
 + Level 4.5 Translocations


You had 5 spell levels left.
You didn't know any spells.
Your spell library contained the following spells:

 Spells                   Type           Power      Damage    Failure   Level
 Blink                    Tloc           28%        N/A       5%          2
 Lesser Beckoning         Tloc           28%        N/A       5%          2
 Teleport Other           Tloc           14%        N/A       11%         3
 Vhi's Electric Charge    Tloc/Air       16%        N/A       26%         3
 Manifold Assault         Tloc           14%        N/A       34%         4


Dungeon Overview and Level Annotations

Branches:
Dungeon (1/15)

Altars:


Innate Abilities, Weirdness & Mutations

You are very small and have problems with some larger weapons.
You are too small for most types of armour.
You have supernaturally acute eyesight. (SInv)
You cover ground extremely quickly. (Speed+++)


Message History

Press: ? - help, v - describe, . - travel, g - get item
Here: a goblin, wielding a +2 dagger of venom Item here: a +0 club.
The floor.
Unknown command.
Unknown command.
There is an open door here.
You throw a stone. The stone closely misses the goblin.
You throw a stone.
The stone hits the goblin but does no damage.
You throw a stone. The stone closely misses the goblin.
The stone barely misses the kobold.
You throw a stone. The stone hits the goblin.
The goblin is moderately wounded.
You throw a stone. The stone closely misses the goblin.
The kobold throws a stone.
The stone completely misses you.
You see here a +0 plate armour.
You throw a stone. The stone hits the goblin.
The goblin is severely wounded.
You hit the goblin but do no damage.
The goblin is severely wounded.
The goblin closely misses you.
You barely miss the goblin.
The goblin is heavily wounded.
The goblin hits you with a +2 dagger of venom.
You are lethally poisoned!
You hit the goblin.
You kill the goblin!
You feel very sick.
Your Stealth skill increases to level 1!
You hit the kobold but do no damage. Your punch misses the kobold.
You feel sick. The kobold hits you with a +0 club.
* * * LOW HITPOINT WARNING * * *
You die...

###########
#..#.P.#..#
#..'...'..#
#P.#...#.P#
####...####
#..#..@#..#
#..'..['.<#
#P.#.#K#..#
####.#.####
#..#...#..#
#..'...'..#....
#.P#...#..#....
####...####...
#..#...# ...


You could see a kobold.

Vanquished Creatures
  A giant cockroach (D:1)
  A goblin (D:1)
  A kobold (D:1)
  2 rats (D:1)
5 creatures vanquished.

Notes
Turn   | Place    | Note
-------+----------+-------------------------------------------
     0 | D:1      | FexLirch the Spriggan Warper began the quest for the Orb.
     0 | D:1      | Reached XP level 1. HP: 10/10 MP: 5/5
   110 | D:1      | Reached skill level 1 in Stealth
   111 | D:1      | Succumbed to a goblin's poison

Illustrated notes

Levels and vault maps discovered:
D:1:      dpeg_arrival_prison, layout_basic, grunt_decor_cap, dk_noncrumbling_3,
          chequers_serial_rivers_small_3

Skill      XL: |  1 |
---------------+----+-----
Stealth        | 1 |  1.1
Fighting       | |  1.5
Short Blades   | |  2.4
Throwing       | |  1.0
Dodging        | |  3.2
Spellcasting   | |  2.6
Translocations | |  4.5

Action                     || total
---------------------------++-------
  Melee: Short sword       ||    28
  Throw: Stone             ||     6
 Armour: Robe              ||     1
  Dodge: Dodged            ||    20

Table legend: (Time is in decaauts)
 A = Elapsed time spent in this place.
 B = Non-inter-level travel time spent in this place.
 C = Inter-level travel time spent in this place.
 D = Time resting spent in this place.
 E = Time spent auto-exploring this place.
 F = Levels seen in this place.
 G = Mean time per level.
                   A        B        C        D        E       F      G
               +--------+--------+--------+--------+--------+-----+--------+
         Total |     81 |     81 |      0 |      0 |     17 |   1 |   81.0 |
       Dungeon |     81 |     81 |      0 |      0 |     17 |   1 |   81.0 |
               +--------+--------+--------+--------+--------+-----+--------+

Top non-repeatable levels by time:
     D:1: 81 daAuts
